 Dungeon Crawl Stone Soup version 0.31-a0-145-g046c7d2549 (webtiles) character file.

Game seed: 3112929497898195717

1668 Anon1729 the Chopper (level 8, -9/73 HPs)
             Began as a Minotaur Monk on June 5, 2023.
             Was a Follower of Uskayaw.
             Mangled by a manticore (11 damage)
             ... on level 6 of the Dungeon.
             The game lasted 00:04:23 (5426 turns).

Anon1729 the Chopper (Minotaur Monk)                Turns: 5426, Time: 00:04:24

Health: -9/73      AC: 10    Str: 19    XL:     8   Next: 69%
Magic:  10/10      EV: 10    Int:  7    God:    Uskayaw [*.....]
Gold:   435        SH:  0    Dex: 12    Spells: 7/7 levels left

rFire   . . .        a - +0 war axe
rCold   . . .        d - orb {light}
rNeg    . . .        t - +0 chain mail
rPois   .            (helmet restricted)
rElec   .            (no cloak)
rCorr   +            (no gloves)
SInv    .            (no boots)
Will    .....        (no amulet) Stlth
                     w - ring of resist corrosion
HPRegen 0.32/turn    (no ring)
MPRegen 0.12/turn

%: no passive effects
@: glowing
A: horns 2, retaliatory headbutt
a: Renounce Religion, Stomp


You were on level 6 of the Dungeon.
You worshipped Uskayaw.
Uskayaw was noncommittal.
You visited 2 branches of the dungeon, and saw 7 of its levels.
You also visited: Ossuary.

You collected 435 gold pieces.

Inventory:

Hand Weapons
 a - a +0 war axe (weapon)
 l - the +3 spear "Buumus" {heavy, rF- Will+ rCorr}
   (You found it on level 3 of the Dungeon)

   rF:        It makes you vulnerable to fire.
   rCorr:     It protects you from acid and corrosion.
   Will:      It increases your willpower.
Armour
 b - a +0 robe
 d - an orb of light (worn)
 t - a +0 chain mail (worn)
Jewellery
 n - a ring of fire
 w - a ring of resist corrosion (left hand)
Wands
 A - a wand of flame (15)
Scrolls
 e - 3 scrolls of teleportation {unknown}
 f - 2 scrolls of blinking {unknown}
 g - 5 scrolls of identify {unknown}
 h - 2 scrolls of magic mapping {unknown}
 r - 2 scrolls of fog {unknown}
 v - a scroll of poison {unknown}
 y - a scroll of enchant weapon {unknown}
 z - a scroll of summoning {unknown}
Potions
 c - 5 potions of ambrosia
 i - 6 potions of degeneration {unknown}
 j - 5 potions of curing {unknown}
 k - 3 potions of heal wounds {unknown}
 m - 2 potions of brilliance {unknown}
 o - 2 potions of haste {unknown}
 p - 2 potions of attraction {unknown}
 q - a potion of might {unknown}
 s - 4 potions of enlightenment {unknown}
 u - 2 potions of berserk rage {unknown}
 x - a potion of magic {unknown}


   Skills:
 + Level 7.0 Fighting
 + Level 7.0 Axes
 + Level 5.6 Armour
 + Level 6.2 Dodging
 * Level 4.9 Invocations


You had 7 spell levels left.
You didn't know any spells.
Your spell library contained the following spells:

 Spells                   Type           Power      Damage    Failure   Level
 Apportation              Tloc           0%         N/A       98%         1
 Freeze                   Ice            0%         1d3       98%         1
 Scorch                   Fire           0%         2d5       99%         2
 Frozen Ramparts          Ice            0%         1d1       100%        3
 Inner Flame              Hex/Fire       0%         N/A       100%        3
 Ozocubu's Armour         Ice            0%         N/A       100%        3
 Portal Projectile        Hex/Tloc       0%         N/A       100%        3
 Tukima's Dance           Hex            0%         N/A       100%        3
 Flame Wave               Conj/Fire      0%         2d4       100%        4
 Alistair's Intoxication  Tmut/Pois      0%         N/A       100%        5
 Blade Hands              Tmut           0%         N/A       100%        5
 Metabolic Englaciation   Hex/Ice        0%         N/A       100%        5
 Simulacrum               Ice/Necr       0%         N/A       100%        6
 Summon Cactus Giant      Summ           0%         N/A       100%        6
 Polar Vortex             Ice            0%         N/A       100%        9


Dungeon Overview and Level Annotations

Branches:
Dungeon (6/15)             Temple (1/1) D:4         Ossuary (visited)

Altars:
Ashenzari
Cheibriados
Dithmenos
Fedhas
Gozag
Hepliaklqana
Kikubaaqudgha
Makhleb
Nemelex Xobeh
Okawaru
Qazlal
Ru
Sif Muna
Trog
Uskayaw
Vehumet
Xom
Yredelemnul
Zin
The Shining One

Annotations:
D:3 3 runed translucent doors, senseless's ghost, amateur DgGl


Innate Abilities, Weirdness & Mutations

You have a pair of horns on your head.
You reflexively headbutt those who attack you in melee.


Message History

The manticore barely misses you. The manticore claws you!
The manticore closely misses you.
You can no longer pass through a line of other dancers.
There is an open door, spattered with blood here.
You barely miss the manticore. The manticore bites you!
The manticore claws you but does no damage.
The manticore claws you.
You completely miss the manticore. You headbutt the manticore.
The manticore is lightly wounded.
The manticore bites you! The manticore claws you!
The manticore claws you but does no damage.
You are too injured to fight recklessly!
You are too injured to fight recklessly!
You are too injured to fight recklessly!
You are too injured to fight recklessly!
You are too injured to fight recklessly!
You are too injured to fight recklessly!
You are too injured to fight recklessly!
You are too injured to fight recklessly!
You are too injured to fight recklessly!
You are too injured to fight recklessly!
You are too injured to fight recklessly!
You are too injured to fight recklessly!
You are too injured to fight recklessly!
You are too injured to fight recklessly!
You are too injured to fight recklessly!
You hit the manticore.
The manticore is lightly wounded.
The manticore bites you!
* * * LOW HITPOINT WARNING * * *
The manticore claws you.
* * * LOW HITPOINT WARNING * * *
The manticore claws you.
* * * LOW HITPOINT WARNING * * *
The manticore bites you.
* * * LOW HITPOINT WARNING * * *
The manticore claws you.
* * * LOW HITPOINT WARNING * * *
The manticore claws you!
You die...

...##.#...##...#.#...............
...##.#.#.##...#.#...#...##......
...##.#.#........................
)..##.#.####.......####..........
)..##.#.# #....#### .####.####..
..)##'#.# ...###..+.. ### ..
###))...# #####..8# .$# ..
#)....# #H####+###. #.....# #@#
??)[[# #.....# #.####### #.....#
#..8#..# #.....##.# ##..'..+
#.....##.# ####.8# ###+#.##.#
##'##### #.#.##.########......#
#####.#.##.#..........##.#
.........#.#.######.#.#


You could see a manticore.

Vanquished Creatures
  Sigmund (D:6)
  A yak (D:4)
  3 ice beasts
  2 ogres (D:5)
  A centaur (D:6)
  A bullfrog (D:6)
  2 scorpions
  2 hounds (D:5)
  A jelly (D:6)
  A sleepcap (D:6)
  A gnoll bouda (D:6)
  2 orc wizards
  5 iguanas
  8 mummies (Ossuary)
  6 gnolls
  4 adders
  2 white imps (D:6)
  An ufetubus (D:5)
  3 worms
  5 dart slugs
  11 orcs
  4 ball pythons
  7 endoplasms
  8 giant cockroaches
  4 gnoll zombies (Ossuary)
  7 goblins
  8 hobgoblins
  5 jackals
  2 quokkas
  4 bats
  3 frilled lizards
  A hobgoblin zombie (Ossuary)
  6 kobolds
  A kobold zombie (Ossuary)
  2 orc zombies (Ossuary)
  9 rats
134 creatures vanquished.

Notes
Turn   | Place    | Note
-------+----------+-------------------------------------------
     0 | D:1      | Anon1729 the Minotaur Monk began the quest for the Orb.
     0 | D:1      | Reached XP level 1. HP: 19/19 MP: 0/0
   151 | D:1      | Reached XP level 2. HP: 21/27 MP: 1/1
   188 | D:1      | Reached skill level 1 in Armour
   216 | D:1      | Found a faded altar of an unknown god.
   392 | D:1      | Reached XP level 3. HP: 33/33 MP: 2/2
  1463 | D:3      | Identified the +3 spear "Buumus" {heavy, rF- Will+ rCorr}
  1585 | D:3      | Reached XP level 4. HP: 23/41 MP: 3/3
  1691 | D:3      | Found a shimmering blue altar of Sif Muna.
  1791 | D:3      | Got Sif Muna's Book of the Inferno and the Chill
  2173 | D:3      | Found a basalt altar of Yredelemnul.
  2223 | D:3      | Found a runed translucent gate.
  2224 | D:3      | Found a runed translucent gate.
  2225 | D:3      | Found a runed translucent gate.
  2226 | D:3      | Noticed senseless's ghost (amateur DgGl)
  2403 | D:4      | Reached XP level 5. HP: 34/47 MP: 4/4
  2485 | D:4      | Noticed an ice beast
  2490 | D:4      | Killed an ice beast
  2491 | D:4      | Reached skill level 5 in Fighting
  2491 | D:4      | Reached skill level 5 in Axes
  2643 | D:4      | Found a shadowy altar of Dithmenos.
  2786 | D:4      | Found a staircase to the Ecumenical Temple.
  2807 | Temple   | Entered the Ecumenical Temple
  3017 | Temple   | Became a worshipper of Uskayaw the Reveller
  3017 | Temple   | Reached * piety under Uskayaw
  3075 | D:4      | Noticed a yak
  3079 | D:4      | Reached ** piety under Uskayaw
  3081 | D:4      | Reached *** piety under Uskayaw
  3085 | D:4      | Killed a yak
  3085 | D:4      | Reached **** piety under Uskayaw
  3086 | D:4      | Reached XP level 6. HP: 13/56 MP: 5/5
  3349 | D:5      | Entered Level 5 of the Dungeon
  3360 | D:5      | Reached skill level 5 in Dodging
  3360 | D:5      | Reached skill level 1 in Invocations
  3374 | D:5      | Reached XP level 7. HP: 59/61 MP: 6/6
  3971 | D:5      | Found a blossoming altar of Fedhas.
  4313 | D:6      | Found a sand-covered staircase.
  4317 | D:6      | Found a radiant altar of Vehumet.
  4319 | D:6      | Noticed Sigmund
  4324 | D:6      | Reached XP level 8. HP: 49/70 MP: 9/9
  4339 | Ossuary  | Entered an ossuary
  4695 | D:6      | Reached skill level 5 in Armour
  4699 | D:6      | Killed Sigmund
  5414 | D:6      | Noticed a red ugly thing
  5422 | D:6      | Noticed a manticore
  5426 | D:6      | HP: 3/73 [manticore (2)]
  5426 | D:6      | Mangled by a manticore

Illustrated notes

Levels and vault maps discovered:
D:1:      minmay_arrival_shattered_statue, layout_basic, basic_ecumenical_altar
D:2:      layout_loops_ring
D:3:      layout_basic, mainiacjoe_overflow_chevrons, marbit_many_paths,
          gammafunk_ghost_necromancy, chequers_avenue, grunt_decor_junction,
          dreamdust_princess_bridge
D:4:      kennysheep_six_static_rooms, layout_gridville,
          grunt_dithmenos_smoke_and_mirrors, minmay_temple_entry_water_ring
D:5:      layout_cave_pools, fedhas_altar_2, minivault_24,
          chequers_serial_rivers_small_3, serial_bayou_lagoon_b
D:6:      minmay_chambers_of_sixes, layout_basic, vehumet_altar_wand_db,
          lightli_ossuary_entry_decrepit_ruins, uniq_sigmund
Temple:   regret_index_temple_generic_petals

Skill      XL: |  1  2  3  4  5  6  7  8 |
---------------+-------------------------+-----
Armour         | 1 2 3 4 5 |  5.6
Fighting       | 4 5 6 7 |  7.0
Axes           | 4 5 6 7 |  7.0
Dodging        | 4 5 6 |  6.2
Invocations    | 1 3 4 |  4.9

Action                     |  1- 3 |  4- 6 |  7- 9 || total
---------------------------+-------+-------+-------++-------
  Melee: Hand axe          |    72 |       |       ||    72
         Headbutt          |    19 |     7 |    33 ||    59
         War axe           |    14 |    62 |   133 ||   209
 Invoke: Line Pass         |       |       |     1 ||     1
   Stab: Paralysed         |       |     3 |     5 ||     8
 Armour: Robe              |    14 |     3 |       ||    17
         Chain mail        |       |    16 |    50 ||    66
  Dodge: Dodged            |    54 |    24 |    62 ||   140

Table legend: (Time is in decaauts)
 A = Elapsed time spent in this place.
 B = Non-inter-level travel time spent in this place.
 C = Inter-level travel time spent in this place.
 D = Time resting spent in this place.
 E = Time spent auto-exploring this place.
 F = Levels seen in this place.
 G = Mean time per level.
                   A        B        C        D        E       F      G
               +--------+--------+--------+--------+--------+-----+--------+
         Total |   5500 |   5330 |    170 |    133 |   4389 |   8 |  687.5 |
       Dungeon |   4913 |   4776 |    137 |     55 |   4011 |   6 |  818.8 |
        Temple |    228 |    195 |     33 |      0 |    188 |   1 |  228.0 |
       Ossuary |    357 |    357 |      0 |     78 |    190 |   1 |  357.0 |
               +--------+--------+--------+--------+--------+-----+--------+

Top non-repeatable levels by time:
     D:5: 999 daAuts
     D:3: 961 daAuts
     D:4: 780 daAuts
     D:6: 767 daAuts
     D:1: 727 daAuts
     D:2: 677 daAuts
 Ossuary: 357 daAuts
  Temple: 228 daAuts
